 Dungeon Crawl Stone Soup version 0.29.0-4-gdea44cf6ec (webtiles) character file.

Game seed: 7248985024547118242

42 qw the Chopper (level 3, -7/21 HPs)
             Began as a Tengu Warper on Aug 28, 2022.
             Mangled by Terence
             ... wielding a +0 morningstar
              (8 damage)
             ... on level 2 of the Dungeon.
             The game lasted 00:00:07 (1807 turns).

qw the Chopper (Tengu Warper)                       Turns: 1807, Time: 00:00:07

Health: -7/21      AC:  3    Str: 13    XL:     3   Next: 54%
Magic:  7/7        EV: 12    Int: 13    God:
Gold:   86         SH:  0    Dex: 13    Spells: 6/6 levels left

rFire   . . .      SeeInvis .   Y - +1 hand axe
rCold   + . .      Faith    .   (no shield)
rNeg    . . .      Spirit   .   b - +0 leather armour
rPois   .          Reflect  .   (helmet restricted)
rElec   .          Harm     .   (no cloak)
rCorr   .          Rampage  .   (no gloves)
Will    .....                   (boots unavailable)
Stlth   +.........              (no amulet)
HPRegen 0.07/turn               d - ring of protection from cold
MPRegen 0.10/turn               (no ring)

@: no status effects
A: beak, talons 3
a: no special abilities


You were on level 2 of the Dungeon.
You visited 1 branch of the dungeon, and saw 2 of its levels.

You collected 86 gold pieces.


Innate Abilities, Weirdness & Mutations

You have a beak for a mouth.
You have claws for feet.


   Skills:
 - Level 2.0 Fighting
 + Level 4.2 Axes
 - Level 1.0 Throwing
 - Level 1.1 Armour
 - Level 2.1 Dodging
 - Level 2.0 Spellcasting
 - Level 2.4 Translocations


You had 6 spell levels left.
You didn't know any spells.
Your spell library contained the following spells:

 Spells                   Type           Power      Damage    Failure   Level
 Blink                    Tloc           14%        N/A       19%         2
 Gell's Gravitas          Tloc           7%         N/A       36%         3
 Lesser Beckoning         Tloc           7%         N/A       36%         3
 Teleport Other           Tloc           7%         N/A       36%         3
 Manifold Assault         Tloc           7%         N/A       98%         5

Inventory:

Hand Weapons
 c - a +0 club
 Y - a +1 hand axe (weapon)
Armour
 b - a +0 leather armour (worn)
Jewellery
 d - a ring of protection from cold (left hand)
 e - a ring of poison resistance
Scrolls
 a - 3 scrolls of identify
 g - a scroll of teleportation {unknown}
 h - a scroll of poison {unknown}
 i - a scroll of amnesia {unknown}
 k - a scroll of vulnerability {unknown}
Potions
 f - a potion of heal wounds {unknown}
 j - a potion of attraction {unknown}

Dungeon Overview and Level Annotations

Branches:
Dungeon (2/15)

Altars:

Annotations:
D:2 Terence


Message History

You see here a +0 short sword.
You open the door.
There is an open door here.
A bat comes into view.
Enter note:
Enter note:
Enter note: The bat hits you but does no damage.
You barely miss the bat. Your kick misses the bat. You peck the bat.
You kill the bat!
You now have 86 gold pieces (gained 12).
You see here a bat corpse.
Terence the Incautious comes into view.
He is wielding a +0 morningstar.
Terence shouts!
Terence says, "You're history."
You hit Terence. Your kick misses Terence.
Terence is moderately wounded.
Terence hits you with a +0 morningstar!
You barely miss Terence. Your kick misses Terence.
Terence is moderately wounded.
Terence barely misses you. Terence hits you with a +0 morningstar!
Ouch! That really hurt!
You closely miss Terence. Your peck misses Terence.
Terence is moderately wounded.
Terence closely misses you.
You closely miss Terence. Your kick misses Terence. Your peck misses Terence.
Terence is moderately wounded.
Terence barely misses you.
You hit Terence. You claw Terence.
Terence is severely wounded.
Terence misses you.
You hit Terence but do no damage. Your kick misses Terence.
Terence is severely wounded.
Terence closely misses you.
You hit Terence. You claw Terence, but do no damage.
You peck Terence, but do no damage.
Terence is severely wounded.
Terence asks, "Do you want it fast or slow?"
Terence hits you with a +0 morningstar!
You die...

........### ##........##
.#.......#.# #.......#.##
.......#.## ......#.#####
.....#.## #.. ########. ..[.#.##
#.####........
...#.######.....@@....#
###.#..................#
...#%######............# ....#.##
#............# .....#.##
#............#
8.....#.###.#.%......#.#
.......#.##.#.######.#.#
........#.#.#......#.#.##########
.........#..#####.##.#.#.........


You could see Terence.

Vanquished Creatures
  An adder (D:2)
  2 dart slugs (D:1)
  5 bats
  2 endoplasms
  A giant cockroach (D:1)
  A goblin (D:2)
  2 hobgoblins
  3 kobolds (D:1)
  A quokka (D:1)
  3 ball pythons
  2 frilled lizards (D:1)
  4 rats (D:1)
27 creatures vanquished.

Notes
Turn   | Place    | Note
-------+----------+-------------------------------------------
     0 | D:1      | qw the Tengu Warper began the quest for the Orb.
     0 | D:1      | Reached XP level 1. HP: 12/12 MP: 4/4
     0 | D:1      | 0 ||| qw: Version: 0.1-a-89-g26bdef1
     0 | D:1      | 0 ||| qw: Game counter: 104
     0 | D:1      | 0 ||| qw: Always use a shield: true
     0 | D:1      | 0 ||| qw: God list: Okawaru
     0 | D:1      | 0 ||| qw: Allow faded altars: false
     0 | D:1      | 0 ||| qw: Do Orc after D:15 true
     0 | D:1      | 0 ||| qw: Do second Lair branch before Depths: true
     0 | D:1      | 0 ||| qw: Lair rune preference: random
     0 | D:1      | 0 ||| qw: Plans: Normal
     0 | D:1      | 0 ||| PLANNING D:1-11
   193 | D:1      | 193 ||| Stepping ~*~*~tactically~*~*~ (stealth).
   274 | D:1      | Reached XP level 2. HP: 17/17 MP: 6/6
   283 | D:1      | Reached skill level 3 in Axes
   489 | D:1      | Found a faded altar of an unknown god.
   585 | D:1      | 585 ||| Stepping ~*~*~tactically~*~*~ (hiding).
  1006 | D:1      | 1006 ||| Stepping ~*~*~tactically~*~*~ (stealth).
  1008 | D:1      | 1008 ||| Stepping ~*~*~tactically~*~*~ (stealth).
  1009 | D:1      | 1009 ||| Stepping ~*~*~tactically~*~*~ (stealth).
  1196 | D:1      | 1196 ||| READING 4 scrolls labelled BOACOFU HAIWN.
  1197 | D:1      | 1197 ||| READING scroll labelled EHEIVA EMAJUA.
  1197 | D:1      | Identified a scroll of acquirement
  1197 | D:1      | 1197 ||| ACQUIRING ring of protection from cold
  1197 | D:1      | Acquired a ring of protection from cold
  1199 | D:1      | 1199 ||| UPGRADING to ring of protection from cold.
  1200 | D:1      | 1200 ||| READING scroll labelled NYSKAORH KEADGH.
  1201 | D:1      | 1201 ||| READING scroll labelled QOKIOG OXAECOPT.
  1202 | D:1      | 1202 ||| READING 3 scrolls of identify.
  1202 | D:1      | 1202 ||| IDENTIFYING yellow potion
  1203 | D:1      | 1203 ||| DROPPING scroll of blinking.
  1204 | D:1      | 1204 ||| DROPPING potion of invisibility.
  1269 | D:2      | Reached XP level 3. HP: 21/21 MP: 7/7
  1480 | D:2      | Reached skill level 4 in Axes
  1485 | D:2      | HP: 5/21 [poisoned by an adder]
  1795 | D:2      | Noticed Terence
  1802 | D:2      | HP: 1/21 [Terence/+0 morningstar (11)]
  1807 | D:2      | Mangled by Terence

Levels and vault maps discovered:
D:1:      minmay_arrival_solitary_statue, layout_loops_ring,
          shapermc_ecumenical_altar_pompeii, kennysheep_minor_cross
D:2:      wad_pebble_path, layout_basic, minivault_25, minivault_19,
          kennysheep_cross_bottleneck, uniq_terence

Skill      XL: |  1  2  3 |
---------------+----------+-----
Axes           | 3 4 |  4.2
Fighting       | |  2.0
Throwing       | |  1.0
Armour         | |  1.1
Dodging        | |  2.1
Spellcasting   | |  2.0
Translocations | |  2.4

Action                   || total
-------------------------++-------
Melee: Hand axe          ||    56
       Kick              ||    11
       Peck              ||     7
Throw: Boomerang         ||     7
  Use: Scroll            ||     5
Armor: Leather armour    ||    14
Dodge: Dodged            ||    27

Table legend:
 A = Non-vault XP
 B = Vault XP
 C = Vault XP percentage of total XP
 D = Non-vault monster count
 E = Vault monster count
 F = Vault count percentage of total count
                 A         B        C        D         E       F
            +---------+---------+-------+---------+---------+-------
      Total |      60 |       0 |   0.0 |      27 |       0 |   0.0
            +---------+---------+-------+---------+---------+-------
        D:1 |      33 |       0 |   0.0 |      18 |       0 |   0.0
        D:2 |      27 |       0 |   0.0 |       9 |       0 |   0.0
            +---------+---------+-------+---------+---------+-------
